 Dungeon Crawl Stone Soup version 0.18-b1-14-g029dad2 (webtiles) character file.

89306 ThermosAquaticus the Black Belt (level 15, -2/78 HPs)
             Began as a Vine Stalker Transmuter on Apr 30, 2016.
             Was the Champion of Cheibriados.
             Slain by a skeletal warrior
             ... wielding a +0 short sword of electrocution
             ... led by a skeletal warrior
              (4 damage)
             ... on level 14 of the Dungeon.
             The game lasted 01:21:33 (20259 turns).

ThermosAquaticus the Black Belt (VSTm)             Turns: 20259, Time: 01:21:34

Health: -2/78      AC: 14    Str: 29    XL:     15   Next: 96%
Magic:  0/44       EV: 25    Int: 38    God:    Cheibriados [******]
Gold:   2059       SH:  5    Dex: 30    Spells: 2 memorised, 19 levels left

rFire  + . .     SeeInvis .       - Unarmed
rCold  . . .     Gourm    .     C - +2 ring mail {MR+}
rNeg   . . .     Faith    .     (shield currently unavailable)
rPois  +         Spirit   +     H - +3 hat of Pondering {ponderous, MR+ MP+10 Int+5}
rElec  .         Dismiss  .     X - +0 cloak
rCorr  .         Reflect  +     (gloves currently unavailable)
SustAt .         Harm     .     w - +2 pair of boots {rF+}
MR     +++..                    p - +5 amulet of reflection
Stlth  +.........               o - ring of magical power
                                W - ring of poison resistance

@: lethally poisoned (-2 -> -2), liquid flames, blade hands, very slightly
contaminated, glowing, studying Throwing, very slow, extremely resistant to
hostile enchantments, very unstealthy
A: fangs 3, sense surroundings 1, regeneration 3, magic shield, antimagic bite,
no device heal 3, rot immunity
a: End Transformation, Bend Time, Temporal Distortion, Slouch, Step From Time,
Renounce Religion


You were on level 14 of the Dungeon.
You worshipped Cheibriados.
Cheibriados was exalted by your worship.
You were hungry.
You had blades for hands.
You visited 4 branches of the dungeon, and saw 25 of its levels.
You also visited: Labyrinth, Sewer and Volcano.

You collected 2338 gold pieces.
You spent 279 gold pieces at shops.

Inventory:

Hand Weapons
 D - a +0 blowgun
Missiles
 a - 486 arrows
 r - 6 javelins of penetration (quivered)
 x - 8 curare-tipped needles
Armour
 w - a +2 pair of boots of fire resistance (worn)
 A - a +2 pair of gloves of archery (melded)
 C - a +2 ring mail of magic resistance (worn)
 H - the +3 hat of Pondering (worn) {ponderous, MR+ MP+10 Int+5}
   (You took it off Gastronok on level 9 of the Dungeon)

   It affects your intelligence (+5).
   It affects your resistance to hostile enchantments.
   It affects your magic capacity (+10).
 X - a +0 cloak (worn)
Rods
 L - a +6 rod of inaccuracy (10/10)
   (You found it in a labyrinth)
Jewellery
 i - an uncursed ring of protection from cold
 o - a ring of magical power (right scythe-like blade)
 p - a +5 amulet of reflection (around neck)
 W - a ring of poison resistance (left scythe-like blade)
Wands
 c - a wand of lightning (3/15)
 k - a wand of paralysis (10/24)
 q - a wand of iceblast (8/15)
 E - a wand of digging (12/24)
 G - a wand of slowing (35/48)
 K - a wand of paralysis (9/24)
 V - a wand of acid (0/15)
Scrolls
 b - 2 scrolls of fog
 f - 4 scrolls of enchant weapon
 n - 4 scrolls of teleportation
 t - 3 scrolls of enchant armour
 y - 2 scrolls of identify
 F - 10 scrolls of remove curse
 M - 2 scrolls of brand weapon
 Q - 2 scrolls of recharging
 Y - a scroll of amnesia
Potions
 g - 4 potions of flight
 h - a potion of cure mutation
 v - 8 potions of curing
 B - 2 potions of magic
 I - 3 potions of agility
 N - 3 potions of invisibility
 P - 4 potions of brilliance
Books
 s - a book of Cantrips

   Spells                             Type                      Level
   a - Corona                         Hexes                        1
   b - Animate Skeleton               Necromancy                   1
   c - Summon Small Mammal            Summoning                    1
   d - Apportation                    Translocation                1
 J - a manual of Throwing
 O - a book of Debilitation

   Spells                             Type                      Level
   a - Corona                         Hexes                        1
   b - Slow                           Hexes                        2
   c - Gell's Gravitas                Hexes/Translocation          3
   d - Inner Flame                    Hexes/Fire                   3
   e - Cause Fear                     Hexes                        4
   f - Leda's Liquefaction            Hexes/Earth                  4
Comestibles
 d - 14 bread rations
 j - 8 beef jerkies
 l - 12 fruits
 m - 4 chunks of flesh
 u - 9 meat rations
 z - 3 slices of pizza


   Skills:
 - Level 8.8 Fighting
 + Level 12.1 Dodging
 * Level 16.9 Unarmed Combat
 - Level 6.3 Spellcasting
 - Level 8.2 Transmutations
 - Level 10.1 Invocations


You had 19 spell levels left.
You knew the following spells:

 Your Spells              Type           Power        Failure   Level  Hunger
b - Sticks to Snakes      Trmt           ######..     10%         2    None
c - Blade Hands           Trmt           ######....   32%         5    ####...


Dungeon Overview and Level Annotations

Branches:
Dungeon (13/15)            Temple (1/1) D:6            Lair (8/8) D:11
  Swamp (0/4) Lair:6        Snake (0/4) Lair:6        Slime (0/6) Lair:6
    Orc (2/2) D:12            Elf (0/3) Orc:2
 Vaults: D:13-14

Altars:
Ashenzari
Cheibriados
Dithmenos
Elyvilon
Fedhas
Gozag
Kikubaaqudgha
Makhleb
Nemelex Xobeh
Okawaru
Pakellas
Qazlal
Ru
Sif Muna
Trog
Vehumet
Xom
Yredelemnul
Zin
The Shining One
Jiyva

Shops:
D:9 :   D:13 [   Orc:1 ?   Orc:2 [(}=

Annotations:
Lair:1 exclusion: oklob plant
Lair:2 1 exclusion


Innate Abilities, Weirdness & Mutations

You have razor-sharp teeth.
You regenerate.
When hurt, damage is shared between your health and your magic reserves.
Your bite disrupts and absorbs the magic of your enemies.
Potions and wands cannot restore your health.
You are immune to rotting.
You passively map a small area around you.


Message History

You barely miss the skeletal warrior. Your bite misses the skeletal warrior.
The skeletal warrior is almost destroyed.
You are covered in liquid flames!
You feel sick.
The skeletal warrior hits you with a short sword of electrocution!
* * * LOW HITPOINT WARNING * * *
Unknown command.
Drink which item? (? for menu, Esc to quit)
Okay, then.
Read which item? (? for menu, Esc to quit)
As you read the scroll of fear, it crumbles to dust.
You assume a fearsome visage.
The red very ugly thing looks frightened!
The skeletal warrior is unaffected. x2
You are covered in liquid flames!
* * * LOW HITPOINT WARNING * * *
You feel sick.
The skeletal warrior closely misses you.
The skeletal warrior hits you with a short sword of electrocution.
You die...

,, #..# , #. #..#
... ,#... #..# ...#
* *
#....#..########...#
*
+###..............#
*,
....................
*
......♣♣♣.....u....#
.....♣ #♣..........
.....* ♣.#@z.....# *
.... ♣.+z).....# ,
... ,, * ..#.......#
... ,,...#........ ,
* ....#.......# , ,
.....#.......# , ,
#.....#.......#,
#........ *


You could see a red very ugly thing (fleeing) and 2 skeletal warriors.

Vanquished Creatures
  Saint Roka (Orc:2)
  Gastronok (D:9)
  Donald (Orc:2)
  Nessos (Lair:8)
  An ettin (Orc:2)
  A minotaur (Lab)
  4 hydras
  2 catoblepae
  An ogre mage (D:11)
  8 death yaks
  Erolcha (D:9)
  A deep troll shaman (Lair:8)
  3 orc high priests (Orc:2)
  Urug (Lair:2)
  Nergalle (D:10)
  A hell knight (Volcano)
  Sonja (D:11)
  4 skeletal warriors
  An unseen horror (D:10)
  Pikel (D:4)
  4 hill giants
  A lindwurm (Lair:8)
  5 orc knights
  2 ugly things
  A wolf spider (D:14)
  6 orc sorcerers
  2 griffons
  3 cyclopes
  A manticore (Volcano)
  Maurice (D:11)
  20 elephants
  Psyche (D:8)
  A toenail golem (Volcano)
  Joseph (D:8)
  9 black mambas
  2 molten gargoyles (Volcano)
  13 spiny frogs
  A torpor snail (Lair:6)
  9 komodo dragons
  2 gargoyles
  10 polar bears
  5 trolls
  3 two-headed ogres
  9 blink frogs
  A boulder beetle (D:11)
  2 shadows
  2 wyverns
  2 fire elementals (Volcano)
  Eustachio (D:4)
  A hill giant zombie (D:12)
  42 yaks
  5 hippogriffs
  3 basilisks
  13 hungry ghosts
  A warg (Orc:1)
  3 mottled dragons
  A naga (Lair:6)
  14 water moccasins
  Duvessa (D:4)
  6 porcupines
  A swamp drake (Lair:4)
  A hell hound (Volcano)
  25 orc warriors
  3 ice beasts
  A necrophage (D:11)
  2 sky beasts
  11 black bears
  3 slaves (D:4)
  A phantom (D:8)
  20 ogres
  14 wolves
  6 centaurs
  15 crocodiles
  2 big kobolds
  Blork the orc (D:5)
  15 giant frogs
  Dowan (D:4)
  7 scorpions
  12 killer bees
  6 howler monkeys
  8 wights
  4 electric eels (Lair:6)
  6 crimson imps
  2 lava snakes
  2 centaur zombies
  A giant frog zombie (D:6)
  2 giant frog skeletons
  6 hounds
  5 jellies
  23 orc priests
  21 orc wizards
  An iron imp (D:7)
  Jessica (D:2)
  A centaur skeleton (D:4)
  Terence (D:2)
  4 iguanas
  14 hell rats (Lair:4)
  8 worker ants
  19 sheep
  7 ogre zombies (D:12)
  A hound zombie (D:8)
  A hound skeleton (D:11)
  A worker ant zombie (D:5)
  Robin (D:2)
  2 gnolls (D:9)
  21 adders
  66 river rats
  3 shadow imps
  2 worms
  2 dart slugs
  9 giant geckos
  67 orcs
  4 giant cockroaches
  10 goblins
  8 hobgoblins
  14 jackals
  4 quokkas
  4 ball pythons
  5 bats
  A giant gecko zombie (D:5)
  8 giant newts
  A goblin skeleton (D:12)
  A goblin zombie (D:12)
  A hobgoblin skeleton (D:12)
  5 hobgoblin zombies (D:12)
  9 kobolds
  3 orc skeletons (D:12)
  14 orc zombies (D:12)
  17 rats
  2 fungi
  A plant (Lair:4)
817 creatures vanquished.

Vanquished Creatures (collateral kills)
  An ice beast (D:5)
  3 gnolls (D:9)
  A worm (D:4)
5 creatures vanquished.

Vanquished Creatures (others)
  A gnoll sergeant (D:9)
  4 orcs
  15 fungi
  7 plants
27 creatures vanquished.

Grand Total: 849 creatures vanquished

Notes
Turn   | Place    | Note
--------------------------------------------------------------
     0 | D:1      | ThermosAquaticus the Vine Stalker Transmuter began the quest for the Orb.
     0 | D:1      | Reached XP level 1. HP: 9/9 MP: 4/4
   194 | D:1      | Reached XP level 2. HP: 14/14 MP: 6/6
   760 | D:2      | Noticed Jessica
   778 | D:2      | Killed Jessica
   778 | D:2      | Reached skill level 4 in Unarmed Combat
   778 | D:2      | Reached XP level 3. HP: 15/17 MP: 4/7
   860 | D:2      | Found a stormy altar of Qazlal.
   872 | D:2      | Noticed Terence
   878 | D:2      | Learned a level 2 spell: Sticks to Snakes
   888 | D:2      | Killed Terence
   888 | D:2      | Reached XP level 4. HP: 5/21 MP: 1/8
   959 | D:2      | Found a glowing golden altar of the Shining One.
   982 | D:2      | Reached skill level 5 in Unarmed Combat
  1278 | D:2      | Found a shattered altar of Ashenzari.
  1299 | D:2      | Noticed Robin
  1302 | D:2      | Killed Robin
  1557 | D:3      | Reached XP level 5. HP: 17/25 MP: 6/9
  1625 | D:3      | Learned a level 5 spell: Blade Hands
  2010 | D:3      | Reached skill level 6 in Unarmed Combat
  2103 | D:3      | Gained mutation: You heal very quickly. [Vine Stalker growth]
  2103 | D:3      | Reached XP level 6. HP: 29/29 MP: 10/10
  2229 | D:3      | Found a burning altar of Makhleb.
  2230 | D:3      | Found a radiant altar of Vehumet.
  2600 | D:4      | Found an ancient bone altar of Kikubaaqudgha.
  2771 | D:4      | Noticed Duvessa
  2773 | D:4      | Noticed Dowan
  2797 | D:4      | Killed Duvessa
  2797 | D:4      | Reached XP level 7. HP: 25/32 MP: 11/11
  2803 | D:4      | Killed Dowan
  2803 | D:4      | Reached skill level 7 in Unarmed Combat
  2824 | D:4      | Noticed Eustachio
  2917 | D:4      | Killed Eustachio
  2917 | D:4      | Reached skill level 5 in Transmutations
  2949 | D:4      | Found a glowing drain.
  2981 | Sewer    | Entered a sewer
  3065 | Sewer    | Found a white marble altar of Elyvilon.
  3169 | D:4      | Noticed Pikel
  3268 | D:4      | Killed Pikel
  3268 | D:4      | Reached skill level 8 in Unarmed Combat
  3268 | D:4      | Gained mutation: You have razor-sharp teeth. [Vine Stalker growth]
  3268 | D:4      | Reached XP level 8. HP: 19/37 MP: 10/12
  3348 | D:4      | Found a shadowy altar of Dithmenos.
  3711 | D:5      | Entered Level 5 of the Dungeon
  3849 | D:5      | Reached skill level 1 in Fighting
  3954 | D:5      | Noticed Blork the orc
  3968 | D:5      | Killed Blork the orc
  3968 | D:5      | Reached skill level 9 in Unarmed Combat
  3968 | D:5      | Reached XP level 9. HP: 40/42 MP: 14/14
  4092 | D:5      | Found a bloodstained altar of Trog.
  4960 | D:6      | Found an iron altar of Okawaru.
  5559 | D:6      | Found a staircase to the Ecumenical Temple.
  5575 | Temple   | Entered the Ecumenical Temple
  5973 | D:7      | Reached skill level 5 in Spellcasting
  6069 | D:7      | Found a snail-covered altar of Cheibriados.
  6090 | D:7      | Became a worshipper of Cheibriados the Contemplative
  6141 | D:7      | Reached skill level 10 in Unarmed Combat
  6294 | D:7      | Reached XP level 10. HP: 50/50 MP: 19/19
  6812 | D:8      | Reached * piety under Cheibriados
  6813 | D:8      | Noticed Psyche
  6825 | D:8      | Killed Psyche
  6986 | D:8      | Noticed Joseph
  7003 | D:8      | Killed Joseph
  7677 | D:9      | Found Ujum's Book Emporium.
  7744 | D:9      | Reached ** piety under Cheibriados
  7765 | D:9      | Noticed Gastronok
  8056 | D:9      | Reached skill level 5 in Dodging
  8064 | D:9      | Noticed Erolcha
  8069 | D:9      | Reached skill level 11 in Unarmed Combat
  8076 | D:9      | Killed Erolcha
  8076 | D:9      | Reached XP level 11. HP: 53/53 MP: 21/21
  8236 | D:9      | Found a white marble altar of Elyvilon.
  8240 | D:9      | Found a deep blue altar of Sif Muna.
  8351 | D:10     | Entered Level 10 of the Dungeon
  8451 | D:10     | Reached *** piety under Cheibriados
  8536 | D:10     | Killed an unseen horror
  8629 | D:10     | Noticed Nergalle
  8636 | D:10     | Killed Nergalle
  8636 | D:10     | Reached skill level 1 in Invocations
  8738 | D:10     | Noticed a hill giant
  8746 | D:10     | Killed a hill giant
  8917 | D:10     | Found a shattered altar of Ashenzari.
  8963 | D:11     | Reached **** piety under Cheibriados
  8998 | D:11     | Noticed Sonja
  9045 | D:11     | Found a staircase to the Lair.
  9064 | Lair:1   | Entered Level 1 of the Lair of Beasts
  9204 | Lair:1   | Reached ***** piety under Cheibriados
  9218 | Lair:1   | Gained mutation: You regenerate. [Vine Stalker growth]
  9218 | Lair:1   | Reached XP level 12. HP: 58/58 MP: 22/22
  9405 | Lair:1   | Found a shimmering altar of Xom.
  9420 | Lair:1   | Reached skill level 5 in Invocations
  9503 | Lair:1   | Found a shimmering altar of Xom.
  9543 | Lair:1   | Reached skill level 5 in Fighting
  9891 | Lair:2   | Found an opulent altar of Gozag.
 10437 | Lair:2   | Noticed a fire dragon
 10584 | Lair:2   | Noticed Urug
 10589 | Lair:2   | Killed Urug
 10834 | Lair:3   | Reached ****** piety under Cheibriados
 11494 | Lair:4   | Noticed a six-headed hydra
 11502 | Lair:4   | Killed a six-headed hydra
 11548 | Lair:4   | Reached XP level 13. HP: 68/68 MP: 23/23
 13260 | Lair:5   | Reached skill level 10 in Invocations
 13460 | Lair:6   | Found a staircase to the Swamp.
 13775 | Lair:6   | Found a staircase to the Snake Pit.
 14027 | Lair:6   | Found a runed door.
 14031 | Lair:6   | Found a viscous altar of Jiyva.
 14031 | Lair:6   | Found a staircase to the Slime Pits.
 14287 | Lair:7   | Reached skill level 12 in Unarmed Combat
 14320 | Lair:7   | Found a dark tunnel.
 14330 | Volcano  | Entered a volcano
 14463 | Volcano  | Found a burning altar of Makhleb.
 14726 | Lair:7   | Reached XP level 14. HP: 58/74 MP: 24/24
 14730 | Lair:7   | Noticed Nessos
 14892 | Lair:7   | Reached skill level 10 in Dodging
 14892 | Lair:7   | Reached skill level 13 in Unarmed Combat
 15405 | Lair:8   | Entered Level 8 of the Lair of Beasts
 15465 | Lair:8   | Found a labyrinth entrance.
 15474 | Lab      | Entered a labyrinth
 15752 | Lair:8   | Killed Nessos
 15770 | Lair:8   | Reached skill level 14 in Unarmed Combat
 15803 | Lair:8   | Gained mutation: You passively map a small area around you. [potion of beneficial mutation]
 16905 | D:11     | Noticed Maurice
 16911 | D:11     | Killed Maurice
 16919 | D:11     | Reached skill level 15 in Unarmed Combat
 17031 | D:11     | Killed Sonja
 17031 | D:11     | Reached XP level 15. HP: 78/78 MP: 25/25
 17816 | D:9      | Killed Gastronok
 17859 | D:9      | Found a sacrificial altar of Ru.
 17917 | D:9      | Found an opulent altar of Gozag.
 18173 | D:12     | Found a staircase to the Orcish Mines.
 18688 | Orc:1    | Entered Level 1 of the Orcish Mines
 18869 | Orc:2    | Entered Level 2 of the Orcish Mines
 18890 | Orc:2    | Noticed Donald
 18899 | Orc:2    | Killed Donald
 18901 | Orc:2    | Noticed Saint Roka
 18923 | Orc:1    | Reached skill level 16 in Unarmed Combat
 19061 | Orc:1    | Found Symi's Magic Scroll Emporium.
 19147 | Orc:2    | Killed Saint Roka
 19502 | Orc:2    | Found a staircase to the Elven Halls.
 19658 | Orc:2    | Found Gemicor's Jewellery Boutique.
 19658 | Orc:2    | Found Ygromeg's Armour Shoppe.
 19660 | Orc:2    | Found Cuufrei's Gadget Boutique.
 19660 | Orc:2    | Found Kaoreug's Weapon Shoppe.
 19682 | Orc:2    | Bought a +2 pair of gloves of archery for 279 gold pieces
 19688 | Orc:2    | Identified a +6 rod of inaccuracy (10/10) (You found it in a labyrinth)
 20078 | D:13     | Found Dycahi's Antique Armour Shoppe.
 20228 | D:13     | You fall through a shaft!
 20259 | D:14     | HP: 2/78 [burnt (2)]
 20259 | D:14     | Slain by a skeletal warrior

Skill      XL: |  1  2  3  4  5  6  7  8  9 10 11 12 13 14 15 |
---------------+----------------------------------------------+-----
Unarmed Combat | 4 5 6 8 9 10 11 12 15 16 | 16.9
Transmutations | 3 4 6 7 8 |  8.2
Fighting       | 1 4 8 |  8.8
Spellcasting   | 5 6 |  6.3
Dodging        | 2 6 9 11 12 | 12.1
Invocations    | 4 8 10 | 10.1

Action                   |  1- 3 |  4- 6 |  7- 9 | 10-12 | 13-15 || total
-------------------------+-------+-------+-------+-------+-------++-------
Melee: Unarmed           |    62 |   204 |   442 |   527 |   923 ||  2158
       Bite              |    13 |    46 |   137 |   205 |   405 ||   806
       Punch             |     3 |     5 |    23 |    34 |   119 ||   184
       Headbutt          |     1 |       |       |       |       ||     1
Throw: Javelin           |       |     1 |       |     1 |       ||     2
 Cast: Beastly Appendage |     1 |       |       |       |       ||     1
       Sticks to Snakes  |     3 |     5 |     9 |       |       ||    17
       Blade Hands       |       |       |       |    32 |    56 ||    88
Invok: Temporal Distorti |       |       |       |       |     2 ||     2
       Slouch            |       |       |       |       |     1 ||     1
 Abil: End Transformatio |       |       |       |       |     1 ||     1
Evoke: Wand              |       |       |       |     3 |    11 ||    14
  Use: Scroll            |       |     8 |     2 |    12 |    16 ||    38
       Potion            |       |       |       |       |     2 ||     2
 Stab: Sleeping          |       |     1 |     9 |    10 |     3 ||    23
       Distracted        |       |       |     2 |       |     4 ||     6
       Paralysed         |       |       |       |     8 |       ||     8
  Eat: Chunk             |       |     7 |    12 |    17 |    29 ||    65
       Pizza             |       |       |       |     1 |     1 ||     2
Armor: Robe              |     4 |    25 |    82 |    68 |       ||   179
       Ring mail         |       |       |       |    11 |   138 ||   149
Dodge: Dodged            |    29 |    88 |   200 |   355 |   690 ||  1362
Block: Other             |       |       |    16 |   103 |   185 ||   304
       Reflection        |       |       |       |     3 |     7 ||    10
